AoeStats
← RokoSec

Black Forest

504047071Analyzed
1v1 RM · 28d ago on Sep 3, 2026· 52m 4s· 2 players
Game mode
Random Map
Map size
Tiny (2 player)
Population
200
Speed
Normal
Resources
Standard
Victory
Conquest
Starting age
Dark Age
Ending age
Imperial Age
RankedLock teamsTeams togetherTeam positionsShared explorationLock speedFull tech treeHidden civsTurbo modeCheats
Victory
Defeat
🇬🇷 Portuguese · Greece
699
+18
🇭🇷 Ethiopians · Croatia
732
-18
peritrikala
0:31 Loom
16:39 Feudal Age
20:45 Horse Collar
23:10 Castle Age
21:41 Double-Bit Axe
23:07 Wheelbarrow
22:18 Town Watch
23:34 Stone Mining
23:37 Gold Mining
24:04 Forging
26:22 Heavy Plow
31:31 Hand Cart
31:50 Bow Saw
33:23 Herbal Medicine
36:11 Imperial Age
33:50 Scale Barding Armor
34:12 Ballistics
34:03 Fortified Wall
34:42 Padded Archer Armor
35:02 Chain Barding Armor
35:18 Iron Casting
35:17 Masonry
37:32 Onager
38:15 Fletching
38:32 Scale Mail Armor
38:46 Bodkin Arrow
40:15 Chemistry
40:37 Stone Shaft Mining
40:41 Plate Barding Armor
40:21 Chain Mail Armor
40:22 Leather Archer Armor
41:20 Bracer
42:28 Pikeman
44:22 Siege Engineers
44:43 Husbandry
44:53 Bloodlines
44:04 Cavalier
46:32 Crop Rotation
46:09 Bracer
46:39 Ring Archer Armor
46:40 Plate Mail Armor
47:10 Blast Furnace
47:22 Architecture
46:48 Murder Holes
RokoSec
7:03 Loom
9:49 Feudal Age
10:19 Double-Bit Axe
18:34 Castle Age
17:43 Fletching
18:11 Gold Mining
19:46 Crossbowman
22:32 Padded Archer Armor
24:11 Bow Saw
26:01 Wheelbarrow
27:22 Thumb Ring
27:37 Leather Archer Armor
31:00 Hand Cart
32:18 Town Watch
33:06 Stone Mining
33:53 Gold Shaft Mining
37:16 Imperial Age
38:23 Arbalester
40:09 Chemistry
39:31 Ballistics
39:57 Ring Archer Armor
39:23 Bodkin Arrow
39:45 Onager
46:47 Torsion Engines
48:58 Siege Onager
Connection lost

Rejoining the realm…

Still unreachable

The connection could not be restored.

Session expired

The server has moved on; the page needs a fresh start.